 Dungeon Crawl Stone Soup version 0.17.1-3-g152610e (webtiles) character file.

186 Nekros the Magician (level 5, -1/28 HPs)
             Began as a Deep Elf Wizard on Apr 27, 2016.
             Was an Initiate of Sif Muna.
             Slain by a hound (4 damage)
             ... on level 4 of the Dungeon.
             The game lasted 00:36:17 (3733 turns).

Nekros the Magician (Deep Elf Wizard)               Turns: 3733, Time: 00:36:17

Health: -1/28      AC:  4    Str:  4    XL:     5   Next: 38%
Magic:  4/15       EV:  9    Int: 24    God:    Sif Muna [......]
Gold:   135        SH:  0    Dex: 13    Spells: 5 memorised, 5 levels left

rFire  . . .     SeeInvis .     h - +0 dagger
rCold  . . .     Clarity  .     a - +0 robe
rNeg   . . .     SustAt   .     (no shield)
rPois  .         Gourm    .     b - +1 hat
rElec  .         Spirit   .     (no cloak)
rCorr  .         Warding  .     g - +0 pair of gloves
rMut   .         Rnd*Tele +     (no boots)
MR     .....                    (no amulet)
Stlth  ++........               (no ring)
                                (no ring)

@: very slightly contaminated, invisible, not resistant to hostile enchantments,
unstealthy
A: repulsion field 1, sense surroundings 1, teleportitis 1
a: Renounce Religion


You were on level 4 of the Dungeon.
You worshipped Sif Muna.
Sif Muna was noncommittal.
You were not hungry.

You visited 1 branch of the dungeon, and saw 4 of its levels.

You collected 135 gold pieces.

Inventory:

Hand Weapons
 h - a +0 dagger (weapon)
Armour
 a - a +0 robe (worn)
 b - a +1 hat (worn)
 g - a +0 pair of gloves (worn)
Jewellery
 m - an uncursed ring of flight {unknown}
Scrolls
 i - a scroll of enchant armour
 o - 2 scrolls of identify
 q - 3 scrolls of remove curse
Potions
 e - a potion of berserk rage {unknown}
 j - a potion of flight
Books
 c - a book of Minor Magic

   Spells                             Type                      Level
   a - Magic Dart                     Conjuration                  1
   b - Blink                          Translocation                2
   c - Call Imp                       Summoning                    2
   d - Repel Missiles                 Charms/Air                   2
   e - Slow                           Hexes                        2
   f - Conjure Flame                  Conjuration/Fire             3
   g - Mephitic Cloud                 Conjuration/Poison/Air       3
Comestibles
 f - a meat ration


   Skills:
 - Level 2.4 Dodging
 - Level 2.4 Stealth
 - Level 6.3 Spellcasting
 - Level 1.1 Conjurations
 * Level 4.4 Summonings
 - Level 1.1 Translocations


You had 5 spell levels left.
You knew the following spells:

 Your Spells              Type           Power        Failure   Level  Hunger
a - Magic Dart            Conj           ##..         6%          1    None
b - Blink                 Tloc           N/A          10%         2    None
c - Call Imp              Summ           ####....     1%          2    None
d - Mephitic Cloud        Conj/Pois/Air  #.......     24%         3    None
e - Conjure Flame         Conj/Fire      ##......     21%         3    None


Dungeon Overview and Level Annotations

Branches:
Dungeon (4/15)
 Temple: D:4-7

Altars:
Sif Muna
Zin

Shops:
D:2 *


Innate Abilities, Weirdness & Mutations

You are surrounded by a mild repulsion field (EV +2).
You passively map a small area around you.
You are occasionally teleported next to monsters.


Message History

The hound misses your crimson imp.
Your crimson imp barely misses the orc wizard.
The orc wizard hits your crimson imp but does no damage.
The orc wizard hits your crimson imp with an enchanted dagger.
Your crimson imp hits the orc wizard but does no damage.
The orc wizard hits your crimson imp but does no damage.
Your crimson imp hits the orc wizard but does no damage.
The orc wizard hits your crimson imp with an enchanted dagger.
Something hits your crimson imp.
Your crimson imp seems to slow down.
The hound closely misses you. The hound bites you but does no damage.
The hound barely misses you.
You see here 11 poisoned needles.
The hound bites you.
* * * LOW HITPOINT WARNING * * *
The hound misses you.
There is a stone staircase leading up here.
The hound bites you.
You die...

###.###..#####.##
*#......5.......#
* * ,
#..####5#.####. ,
, #..# #.#.# * *
* #..# #.#.# #
#..# #.#.#
#.###..####.#.# *
#....h(.....#
###.@..###### ,,
#.#.## *** , *
#.#.# , , ....#
*,* .###.# , * ,
,.. #.# ,* ## #.#
, * * , , ..., ,
.)#


You could see a hound.

Vanquished Creatures
  A hound (D:4)
  An adder (D:3)
  7 giant geckos
  5 orcs (D:3)
  2 ball pythons
  6 giant cockroaches
  7 goblins
  10 hobgoblins
  3 kobolds
  7 bats
  6 giant newts
  8 rats
63 creatures vanquished.

Vanquished Creatures (collateral kills)
  6 adders
  3 gnolls
  An ooze (D:1)
  2 worms (D:2)
  5 orcs (D:3)
  2 giant cockroaches (D:2)
  2 hobgoblins
  A giant newt (D:3)
  2 goblins
  A kobold (D:2)
  3 rats
28 creatures vanquished.

Grand Total: 91 creatures vanquished

Notes
Turn   | Place    | Note
--------------------------------------------------------------
     0 | D:1      | Nekros the Deep Elf Wizard began the quest for the Orb.
     0 | D:1      | Reached XP level 1. HP: 10/10 MP: 7/7
   101 | D:1      | Reached skill level 5 in Spellcasting
   113 | D:1      | Reached XP level 2. HP: 9/15 MP: 0/10
   587 | D:1      | Learned a level 2 spell: Blink
   590 | D:1      | Learned a level 2 spell: Call Imp
   864 | D:1      | Reached XP level 3. HP: 12/19 MP: 1/12
   869 | D:1      | Learned a level 3 spell: Mephitic Cloud
   873 | D:1      | Learned a level 3 spell: Conjure Flame
  1110 | D:2      | Reached skill level 6 in Spellcasting
  1290 | D:2      | Found Zin's Purification Station.
  1294 | D:2      | Found a glowing silver altar of Zin.
  2028 | D:2      | Gained mutation: You are occasionally teleported next to monsters. [potion of mutation]
  2028 | D:2      | Gained mutation: You passively map a small area around you. [potion of mutation]
  2028 | D:2      | Gained mutation: You are surrounded by a mild repulsion field (EV +2). [potion of mutation]
  2214 | D:3      | Reached XP level 4. HP: 24/24 MP: 4/14
  3325 | D:3      | Reached XP level 5. HP: 28/28 MP: 8/15
  3528 | D:3      | Found a faded altar to an unknown god.
  3623 | D:3      | Found a deep blue altar of Sif Muna.
  3626 | D:3      | Became a worshipper of Sif Muna the Loreminder
  3733 | D:4      | Slain by a hound

Action                   |  1- 3 |  4- 6 || total
-------------------------+-------+-------++-------
Melee: Unarmed           |    42 |       ||    42
       Dagger            |    13 |     9 ||    22
 Cast: Magic Dart        |    85 |    60 ||   145
       Call Imp          |    15 |    22 ||    37
       Blink             |     3 |     4 ||     7
       Conjure Flame     |       |     2 ||     2
  Use: Potion            |    10 |     1 ||    11
       Scroll            |     5 |     2 ||     7
 Stab: Distracted        |       |     1 ||     1
  Eat: Bread ration      |     1 |     1 ||     2
       Chunk             |       |     2 ||     2
       Beef jerky        |       |     1 ||     1
